 Dungeon Crawl Stone Soup version 0.24.0-29-g8ce449bc06 (webtiles) character file.

Game seed: 14071543081333673591, levelgen mode: deterministic

40909 Johnny the Fencer (level 13, -28/139 HPs)
             Began as a Troll Berserker on Nov 16, 2019.
             Was a High Priest of Trog.
             Killed from afar by an ogre mage (41 damage)
             ... with a bolt of lightning
             ... while paralysed by an ogre mage
             ... on level 15 of the Dungeon.
             The game lasted 00:18:04 (12159 turns).

Johnny the Fencer (Troll Berserker)                Turns: 12159, Time: 00:18:05

Health: -28/139    AC: 10    Str: 32    XL:     13   Next: 77%
Magic:  12/12      EV:  1    Int:  3    God:    Trog [*****.]
Gold:   1049       SH:  0    Dex:  9    Spells: 12/12 levels left

rFire    + . .     SeeInvis +   E - +2 scimitar (flame)
rCold    + . .     Gourm    +   (no shield)
rNeg     . . .     Faith    .   K - +0 acid dragon scales
rPois    .         Spirit   .   (helmet restricted)
rElec    .         Reflect  .   B - scarf {rC+ rF+}
rCorr    +         Harm     .   (gloves unavailable)
MR       .....                  (boots unavailable)
Stlth    +.........             D - amulet of the acrobat
HPRegen  0.73/turn              e - ring of see invisible
MPRegen  0.13/turn              x - +4 ring of slaying

@: paralysed, berserk cooldown, very slightly contaminated, slowed
A: large, unfitting armour, claws 3, fast metabolism 3, gourmand, regeneration
1, shaggy fur 1, tough skin 3
a: Berserk, Trog's Hand, Brothers in Arms, Renounce Religion


You were on level 15 of the Dungeon.
You worshipped Trog.
Trog was extremely pleased with you.
You were full.

You visited 1 branch of the dungeon, and saw 15 of its levels.

You collected 1049 gold pieces.

Inventory:

Hand Weapons
 s - a +2 great sword of slicing
 E - a +2 scimitar of flaming (weapon)
Armour
 B - a scarf of resistance (worn)
 I - the cursed -3 shield "Teloano" {rC+ Int+3, unknown}
   (You found it on level 13 of the Dungeon)

   It affects your intelligence (+3).
   It protects you from cold.
   It has a curse placed upon it.
 K - +0 acid dragon scales (worn)
 M - a +1 troll leather armour {Snorg}
Jewellery
 e - a ring of see invisible (left claw)
 l - an uncursed ring of flight {unknown}
 w - an uncursed ring of poison resistance {unknown}
 x - a +4 ring of slaying (right claw)
 y - a +2 ring of strength {unknown}
 D - an amulet of the acrobat (around neck)
Wands
 b - a wand of digging (6)
 J - a wand of clouds (3)
Scrolls
 a - a scroll of summoning {unknown}
 d - 2 scrolls of fog
 h - 2 scrolls of noise
 i - 12 scrolls of remove curse
 k - a scroll of blinking
 n - 4 scrolls of magic mapping
 q - 2 scrolls of amnesia
 r - 2 scrolls of random uselessness {unknown}
 v - 2 scrolls of fear {unknown}
 z - a scroll of torment {unknown}
 C - a scroll of teleportation
 F - 2 scrolls of immolation {unknown}
 L - 2 scrolls of enchant armour {unknown}
 P - a scroll of silence {unknown}
Potions
 f - 5 potions of lignification {unknown}
 g - 4 potions of brilliance
 j - 2 potions of cancellation
 m - 2 potions of haste {unknown}
 o - 5 potions of curing
 p - 2 potions of flight {unknown}
 t - 2 potions of berserk rage {unknown}
 u - 8 potions of heal wounds
 A - 2 potions of might {unknown}
 G - a potion of ambrosia {unknown}
 H - a potion of mutation {unknown}
 O - 2 potions of agility {unknown}
Comestibles
 c - 29 rations


   Skills:
 + Level 11.9 Fighting
 * Level 15.9 Long Blades
 - Level 2.5 Dodging


You had 12 spell levels left.
You didn't know any spells.
Your spell library contained the following spells:

 Spells                   Type           Power        Failure   Level  Hunger
 Animate Skeleton         Necr           N/A          58%         1    ##.....
 Apportation              Tloc           #.....       58%         1    ##.....
 Confusing Touch          Hex            #.....       58%         1    ##.....
 Corona                   Hex            #......      58%         1    ##.....
 Magic Dart               Conj           #...         58%         1    ##.....
 Sting                    Conj/Pois      #...         58%         1    ##.....
 Summon Small Mammal      Summ           #...         58%         1    ##.....
 Blink                    Tloc           N/A          73%         2    ###....
 Call Imp                 Summ           #.......     73%         2    ###....
 Poisonous Vapours        Pois/Air       #.....       73%         2    ###....
 Searing Ray              Conj           #.....       73%         2    ###....
 Slow                     Hex            #.......     73%         2    ###....
 Conjure Flame            Conj/Fire      #.......     91%         3    ####...
 Dazzling Spray           Conj/Hex       #.....       91%         3    ####...
 Inner Flame              Hex/Fire       #.......     91%         3    ####...
 Mephitic Cloud           Conj/Pois/Air  #.......     91%         3    ####...
 Portal Projectile        Hex/Tloc       #.....       91%         3    ####...
 Cause Fear               Hex            #.........   100%        4    #####..
 Force Lance              Conj/Tloc      #.......     100%        4    #####..
 Fulminant Prism          Conj/Hex       #.........   100%        4    #####..
 Iskenderun's Mystic Bla  Conj           #.......     100%        4    #####..
 Leda's Liquefaction      Hex/Erth       #.........   100%        4    #####..
 Olgreb's Toxic Radiance  Pois           #.......     100%        4    #####..
 Venom Bolt               Conj/Pois      #.........   100%        5    ######.


Dungeon Overview and Level Annotations

Branches:
Dungeon (15/15)            Temple (0/1) D:5            Lair (0/6) D:9
    Orc (0/2) D:10         Vaults (0/5) D:13
 Depths: D:15

Altars:
Dithmenos
Elyvilon
Fedhas
Nemelex Xobeh
Okawaru
Qazlal
Sif Muna
Trog
Uskayaw
Vehumet
Xom
Yredelemnul

Shops:
D:7 }   D:13 (

Annotations:
D:7 exclusion: ice statue
D:12 3 runed translucent doors, Xeikkuus's ghost, journeyman MiFi


Innate Abilities, Weirdness & Mutations

You are too large for most types of armour.
You have claws for hands.
Your metabolism is lightning-fast.
You like to eat raw meat.
Your natural rate of healing is unusually fast.
You are covered in fur. (AC +1)
You have extremely tough skin. (AC +3)


Message History

Your troll goes berserk!
The ogre mage hits your ogre with a +0 spear.
Your ogre completely misses the ogre mage.
The ogre mage gestures at you while chanting.
You suddenly lose the ability to move!
The two-headed ogre hits your ogre with a +0 giant club!
The two-headed ogre barely misses your ogre.
Your ogre hits the ogre mage with a +0 giant spiked club!!
Your ogre barely misses the ogre mage.
Your troll bites the ogre mage.
Your troll claws the ogre mage. x2
The two-headed ogre hits your ogre with a +0 giant club!!
Your ogre dies!
Your ogre's corpse disappears in a puff of smoke!
The ogre mage hits you from afar with a +0 spear.
* * * LOW HITPOINT WARNING * * *
Your troll bites the ogre mage.
Your troll claws the ogre mage!
Your troll claws the ogre mage.
The ogre mage gestures at you while chanting.
The bolt of lightning hits you!!!
You die...

######### #####
.......... ....
.........##. #..#
.........##.. #..#
.........##.. #..#
.........##..# #@.#
.........##^.###.T#
.........##.....O.#
.........##.......#
.##......##.....§O#
.
.##......##...##O.#
..
.##......##...##O.#
...
.##......##...##..#
....
.##.###..##...##..#
.....


You could see 3 two-headed ogres, an ogre mage and a friendly troll (berserk).

Vanquished Creatures
  Azrael (D:14)
  2 vault guards (D:13)
  Erica (D:9)
  2 hydras
  8 two-headed ogres
  5 centaur warriors
  2 lindwurms (D:13)
  An orc knight (D:13)
  8 ugly things
  3 cyclopes
  A manticore (D:14)
  5 gargoyles
  2 efreet
  A komodo dragon (D:14)
  5 trolls
  A troll (shapeshifter) (D:14)
  A wolf spider simulacrum (D:14)
  6 slime creatures (D:14)
  5 hippogriffs
  9 yaks
  3 wyverns
  A yak (shapeshifter) (D:14)
  A spriggan (D:8)
  A shadow (D:15)
  A wraith (D:14)
  2 fire elementals (D:14)
  Eustachio (D:4)
  A hungry ghost (D:4)
  11 humans
  2 acid dragons
  A soldier ant (D:13)
  3 hell hounds (D:14)
  A floating eye (D:9)
  Duvessa (D:5)
  4 black bears
  4 sky beasts
  13 orc warriors
  5 ice beasts
  A necrophage (D:15)
  2 phantoms
  10 ogres
  10 centaurs
  A crocodile (D:10)
  3 big kobolds
  11 bullfrogs
  3 wyvern zombies
  7 scorpions
  A hornet simulacrum (D:13)
  11 wights
  A killer bee (D:5)
  3 electric eels (D:10)
  3 howler monkeys
  5 crimson imps
  4 centaur zombies
  3 quasits
  3 bullfrog zombies
  6 hounds
  A gnoll shaman (D:4)
  8 orc priests
  2 bullfrog skeletons
  12 orc wizards
  Jessica (D:3)
  An iguana (D:10)
  19 worker ants
  A hound zombie (D:7)
  A hound skeleton (D:9)
  18 gnolls
  11 adders
  2 shadow imps
  An adder zombie (D:10)
  An adder skeleton (D:10)
  3 worms
  3 dart slugs
  9 leopard geckos
  75 orcs
  5 giant cockroaches
  8 goblins
  4 hobgoblins
  14 kobolds
  A quokka (D:6)
  3 ball pythons
  A ball python skeleton (D:4)
  4 bats
  7 frilled lizards
  2 jackal skeletons
  5 rats
436 creatures vanquished.

Vanquished Creatures (collateral kills)
  Snorg (D:12)
  2 ugly things
  A centaur zombie (D:11)
  4 yaks (D:10)
  4 centaurs (D:11)
  A hound (D:10)
13 creatures vanquished.

Vanquished Creatures (others)
  A human (D:13)
1 creature vanquished.

Grand Total: 450 creatures vanquished

Notes
Turn   | Place    | Note
-------+----------+-------------------------------------------
     0 | D:1      | Johnny the Troll Berserker began the quest for the Orb.
     0 | D:1      | Reached XP level 1. HP: 22/22 MP: 0/0
    84 | D:1      | Reached XP level 2. HP: 20/29 MP: 1/1
   272 | D:1      | Reached skill level 3 in Long Blades
   703 | D:2      | Reached ** piety under Trog
   741 | D:2      | Reached XP level 3. HP: 16/36 MP: 2/2
   758 | D:2      | Found a stormy altar of Qazlal.
   866 | D:2      | Reached XP level 4. HP: 45/45 MP: 3/3
  1285 | D:2      | Found a shadowy altar of Dithmenos.
  1286 | D:2      | Found a hide-covered altar of Uskayaw.
  1447 | D:3      | Noticed Jessica
  1453 | D:3      | Killed Jessica
  1453 | D:3      | Reached skill level 4 in Long Blades
  1508 | D:3      | Reached XP level 5. HP: 41/53 MP: 4/4
  1928 | D:4      | Noticed a phantom
  2045 | D:4      | Killed a phantom
  2045 | D:4      | Reached skill level 5 in Long Blades
  2045 | D:4      | Reached XP level 6. HP: 52/62 MP: 5/5
  2075 | D:4      | Reached *** piety under Trog
  2190 | D:4      | Noticed Eustachio
  2240 | D:4      | Noticed a hungry ghost
  2406 | D:4      | Reached XP level 7. HP: 70/70 MP: 6/6
  2520 | D:4      | Found a sparkling altar of Nemelex Xobeh.
  2559 | D:4      | Killed Eustachio
  2559 | D:4      | Reached skill level 6 in Long Blades
  2688 | D:4      | Killed a hungry ghost
  3293 | D:5      | Entered Level 5 of the Dungeon
  3319 | D:5      | Reached skill level 5 in Fighting
  3385 | D:5      | Reached XP level 8. HP: 74/80 MP: 7/7
  3426 | D:5      | Reached skill level 7 in Long Blades
  3708 | D:5      | Noticed Dowan
  3712 | D:5      | Noticed Duvessa
  3715 | D:5      | Noticed Dowan
  3715 | D:5      | Dowan changed into Dowan the killer bee
  3731 | D:5      | Killed Duvessa
  3732 | D:5      | Killed Dowan the killer bee
  3771 | D:5      | Found a staircase to the Ecumenical Temple.
  3868 | D:5      | Reached skill level 8 in Long Blades
  4173 | D:6      | Reached **** piety under Trog
  4287 | D:6      | Reached XP level 9. HP: 89/89 MP: 8/8
  4524 | D:6      | Reached skill level 9 in Long Blades
  4644 | D:6      | Found a white marble altar of Elyvilon.
  4905 | D:6      | Found a bloodstained altar of Trog.
  5406 | D:7      | Reached skill level 10 in Long Blades
  5515 | D:7      | Found Xerekah's Gadget Emporium.
  5606 | D:7      | Found a blossoming altar of Fedhas.
  5701 | D:7      | Noticed an ice statue
  5759 | D:7      | Found a basalt altar of Yredelemnul.
  5768 | D:7      | Reached XP level 10. HP: 102/102 MP: 9/9
  5773 | D:7      | Found a radiant altar of Vehumet.
  5805 | D:8      | Reached ***** piety under Trog
  6128 | D:8      | Found a shimmering blue altar of Sif Muna.
  6671 | D:9      | Noticed Erica
  6673 | D:9      | Noticed a two-headed ogre
  6691 | D:9      | Killed a two-headed ogre
  6691 | D:9      | Reached skill level 11 in Long Blades
  6699 | D:9      | Killed Erica
  6758 | D:9      | Noticed a two-headed ogre
  6765 | D:9      | Killed a two-headed ogre
  6829 | D:9      | Found a shimmering altar of Xom.
  6882 | D:9      | Found an iron altar of Okawaru.
  6950 | D:9      | Reached XP level 11. HP: 113/113 MP: 10/10
  7045 | D:9      | Paralysed by a floating eye for 4 turns
  7113 | D:9      | Reached skill level 12 in Long Blades
  7181 | D:9      | Found a staircase to the Lair.
  7266 | D:10     | Entered Level 10 of the Dungeon
  7290 | D:10     | Found a staircase to the Orcish Mines.
  7321 | D:10     | Received a gift from Trog
  8371 | D:11     | Noticed a two-headed ogre
  8377 | D:11     | Killed a two-headed ogre
  8442 | D:11     | Noticed a white ugly thing
  8457 | D:11     | Killed a white ugly thing
  8540 | D:11     | Noticed a two-headed ogre
  8550 | D:11     | Killed a two-headed ogre
  8550 | D:11     | Reached skill level 13 in Long Blades
  8557 | D:11     | Noticed a white ugly thing
  8564 | D:11     | Killed a white ugly thing
  8565 | D:11     | Noticed a cyan ugly thing
  8579 | D:11     | Killed a cyan ugly thing
  8697 | D:11     | Found a stormy altar of Qazlal.
  9063 | D:12     | Reached XP level 12. HP: 81/126 MP: 11/11
  9069 | D:12     | Noticed Snorg
  9074 | D:12     | Killed Snorg
  9074 | D:12     | Reached skill level 10 in Fighting
  9385 | D:12     | Found a runed translucent gate.
  9389 | D:12     | Noticed a tengu warrior
  9390 | D:12     | Found a runed translucent gate.
  9390 | D:12     | Found a runed translucent gate.
  9390 | D:12     | Noticed a merfolk impaler
  9390 | D:12     | Noticed a merfolk impaler
  9391 | D:12     | Noticed Xeikkuus's ghost (journeyman MiFi)
  9393 | D:12     | Found an iron altar of Okawaru.
  9611 | D:13     | Found Diunyody's Weapon Boutique.
  9657 | D:13     | Noticed a centaur warrior
  9667 | D:13     | Killed a centaur warrior
  9747 | D:13     | Noticed a centaur warrior
  9756 | D:13     | Killed a centaur warrior
  9819 | D:13     | Noticed a two-headed ogre
  9822 | D:13     | Killed a two-headed ogre
  9950 | D:13     | Noticed a vault guard
  9951 | D:13     | Noticed a vault guard
  9970 | D:13     | Killed a vault guard
  9970 | D:13     | Reached skill level 14 in Long Blades
  9979 | D:13     | Killed a vault guard
 10089 | D:13     | Got a heavily runed shield
 10093 | D:13     | Found a gate to the Vaults.
 10193 | D:13     | Noticed a two-headed ogre
 10211 | D:13     | Killed a two-headed ogre
 10220 | D:13     | Noticed a seven-headed hydra
 10230 | D:13     | Killed a five-headed hydra
 10381 | D:13     | Noticed a centaur warrior
 10391 | D:13     | Killed a centaur warrior
 10391 | D:13     | Reached XP level 13. HP: 137/137 MP: 12/12
 10568 | D:13     | Reached skill level 15 in Long Blades
 10619 | D:14     | Received a gift from Trog
 11021 | D:14     | Noticed Azrael
 11044 | D:14     | Killed Azrael
 11652 | D:15     | Entered Level 15 of the Dungeon
 12143 | D:15     | Paralysed by an ogre mage for 6 turns
 12148 | D:15     | HP: 7/208 [two-headed ogre/+0 giant club (20)]
 12156 | D:15     | Paralysed by an ogre mage for 4 turns
 12159 | D:15     | Killed from afar by an ogre mage

Levels and vault maps discovered:
D:1:      dpeg_arrival_arbitrary_b, layout_loops_ring, st_stairs_12,
          minmay_split_cup_large
D:2:      layout_loops_ring, gammafunk_temple_overflow_pools,
          nicolae_overflow_hidden_temple, first_ration
D:3:      layout_rooms, uniq_jessica
D:4:      layout_layer_cave, lemuel_round_altar, uniq_eustachio
D:5:      layout_basic, temple_doors_ab, uniq_duvessa
D:6:      layout_basic, elyvilon_altar_5, bloody_trog
D:7:      lemuel_ice_statue, layout_basic, fedhas_ov_isle_minmay,
          amethyst_overflow_temple_binary, serial_shops, shop
D:8:      layout_rooms, led_sif_book, the_bakery
D:9:      layout_cave_pods, okawaru_humans, overflow_temple_1_default,
          lair_entry_dummy, onia_ninara_cookie, uniq_erica
D:10:     layout_small_grid, erik_orc_2
D:11:     layout_rooms, lemuel_centaur_altar
D:12:     layout_roguey, gammafunk_ghost_fury_of_okawaru, uniq_snorg
D:13:     minmay_the_grid_octo_2x2 [minmay_the_grid_octo_concentric,
          minmay_the_grid_octo_odd_swirl, minmay_the_grid_octo_focus,
          minmay_the_grid_octo_prize_single_spiral], layout_rooms,
          ximxim_vaults_locker_room, serial_shops, shop_statue,
          minmay_lindwurm_lava
D:14:     layout_basic, minivault_24, uniq_azrael
D:15:     grunt_enter_depths_snipers, layout_long_grid

Skill      XL: |  1  2  3  4  5  6  7  8  9 10 11 12 13 |
---------------+----------------------------------------+-----
Long Blades    | 3 4 5 6 8 10 11 13 14 15 | 15.9
Fighting       | 3 4 5 6 7 8 9 11 | 11.9
Dodging        | |  2.5

Action                   |  1- 3 |  4- 6 |  7- 9 | 10-12 | 13-15 || total
-------------------------+-------+-------+-------+-------+-------++-------
Melee: Falchion          |    80 |   178 |   363 |       |       ||   621
       Long sword        |       |       |    37 |    18 |       ||    55
       Scimitar          |       |       |       |   494 |   214 ||   708
Invok: Berserk           |     2 |     4 |    14 |    16 |     6 ||    42
       Trog's Hand       |     1 |     1 |     2 |     2 |     2 ||     8
       Brothers in Arms  |       |       |       |     5 |     3 ||     8
Evoke: Wand              |       |       |     4 |    29 |    10 ||    43
  Use: Scroll            |       |     5 |     7 |     4 |     1 ||    17
       Potion            |       |     1 |       |     1 |       ||     2
 Stab: Sleeping          |     1 |       |       |     1 |       ||     2
  Eat: Chunk             |     6 |    29 |    50 |    60 |    22 ||   167
       Ration            |       |     1 |     2 |       |       ||     3
Armor: Animal skin       |    45 |   165 |   144 |    63 |       ||   417
       Troll leather arm |       |       |       |    30 |       ||    30
       Acid dragon scale |       |       |       |    56 |    59 ||   115
Dodge: Dodged            |    59 |   171 |   205 |   225 |    87 ||   747
       Rpst.: Falchion   |    18 |    55 |    72 |       |       ||   145
       Long sword        |       |       |     5 |     1 |       ||     6
       Scimitar          |       |       |       |    56 |    18 ||    74
